Map: Sang chaud EC

Players

palec - Winner!

  • Race: Protoss Protoss
  • League: Gold
  • Spawn Location: 11:00

zidar

  • Race: Zerg Zerg
  • League: Gold
  • Spawn Location: 5:00

VOD

Have the link to the VOD?

Description

Time

  • Played on: July 8, 2017, 2:59 p.m.
  • Length: 12:23
Show
View Real Time Build Order
Export as new Build Order

palec Protoss - Winner!

Build Orders:  

Get SALT Encoding   

  12  0:00  Unknown  
  12  0:03  Probe (Chrono Boost)  
  13  0:14  Probe (Chrono Boost)  
  14  0:18  Pylon  
  14  0:24  Probe (Chrono Boost)  
  15  0:36  Probe (Chrono Boost)  
  16  0:42  Gateway  
  16  0:50  Assimilator  
  16  0:56  Probe (Chrono Boost)  
  17  1:06  Forge  
  17  1:07  Probe (Chrono Boost)  
  18  1:19  Probe (Chrono Boost)  
  19  1:29  Probe (Chrono Boost)  
  20  1:41  Photon Cannon  
  20  1:52  Probe (Chrono Boost), Cybernetics Core  
  21  1:56  Assimilator  
  21  2:05  Probe (Chrono Boost)  
  22  2:22  Protoss Ground Weapons Level 1  
  22  2:43  Pylon, Twilight Council  
  22  2:47  Nexus  
  22  2:49  Probe (Chrono Boost)  
  23  3:00  Probe (Chrono Boost), Warp Gate  
  23  3:11  Mothership Core (Chrono Boost)  
  25  3:17  Pylon  
  25  3:29  Probe (Chrono Boost)  
  26  3:37  Resonating Glaives (Chrono Boost)  
  26  3:39  Probe (Chrono Boost)  
  27  3:51  Pylon  
  27  3:52  Probe (Chrono Boost)  
  28  4:01  Probe  
  29  4:03  Probe  
  30  4:18  Robotics Facility  
  30  4:20  Gateway x2  
  30  4:23  Gateway  
  30  4:27  Pylon  
  30  4:34  Protoss Ground Weapons Level 2 (Chrono Boost)  
  30  4:37  Probe  
  31  4:47  Probe  
  31  4:50  Gateway  
  32  5:07  Stalker  
  32  5:10  Warp Prism  
  36  5:17  Probe  
  36  5:19  Probe  
  38  5:25  Adept x3  
  44  5:37  Gateway, Assimilator  
  44  5:39  Probe  
  44  5:40  Probe  
  46  5:43  Adept  
  48  5:52  Probe  
  48  5:53  Probe  
  48  5:56  Immortal  
  54  6:06  Gateway  
  54  6:15  Probe  
  54  6:17  Probe  
  56  6:26  Probe  
  56  6:29  Probe  
  56  6:32  Pylon  
  58  6:34  Pylon  
  58  6:36  Observer, Probe  
  60  6:45  Adept  
  60  6:46  Adept x3  
  60  6:47  Adept  
  70  7:30  Adept x2  
  70  7:31  Adept x3  
  70  7:32  Adept  
  78  7:52  Adept  
  78  7:53  Adept x3  
  86  8:03  Pylon  
  86  8:06  Pylon  
  86  8:13  Probe  
  86  8:15  Probe  
  86  8:18  Immortal  
  74  8:35  Protoss Ground Weapons Level 3 (Chrono Boost)  
  74  8:45  Stalker x2  
  74  8:46  Stalker  
  74  8:47  Stalker  
  82  9:03  Nexus  
  82  9:04  Adept x2  
  82  9:06  Assimilator  
  86  9:10  Assimilator  
  86  9:12  Sentry x3, Pylon  
  86  9:13  Sentry  
  94  9:19  Probe, Immortal (Chrono Boost)  
  94  9:20  Probe  
  100  9:34  Gateway  
  100  9:35  Gateway  
  100  9:38  Gateway x2  
  100  9:40  Gateway  
  100  9:43  Adept x4  
  100  9:44  Adept, Gateway  
  100  9:45  Gateway  
  110  9:50  Pylon  
  110  9:53  Pylon  
  110  10:05  Pylon  
  110  10:07  Pylon  
  110  10:08  Probe x2  
  110  10:09  Immortal (Chrono Boost)  
  110  10:10  Pylon  
  116  10:18  Adept x3  
  122  10:29  Adept  
  122  10:30  Adept x2  
  128  10:35  Zealot  
  128  10:36  Zealot  
  132  10:53  Adept x4  
  132  10:54  Adept x3  
  146  11:05  Immortal (Chrono Boost)  
  150  11:17  Adept x5  
  150  11:18  Adept  
  162  11:21  Sentry  
  162  11:56  Adept  
  162  12:03  Pylon  
  162  12:05  Pylon  
  162  12:07  Pylon  
  158  12:09  Pylon  
  158  12:11  Pylon  
  158  12:12  Pylon  
Show
View Real Time Build Order
Export as new Build Order

zidar Zerg 

Build Orders: Pool First 

Get SALT Encoding   

  12  0:00  Unknown  
  12  0:01  Drone  
  13  0:12  Overlord  
  13  0:17  Drone  
  14  0:30  Drone x2  
  14  0:34  Drone  
  17  0:50  Spawning Pool  
  17  0:51  Drone  
  17  1:14  Hatchery  
  16  1:19  Drone  
  16  1:23  Extractor, Drone  
  17  1:39  Zergling x2  
  18  1:40  Zergling x2  
  19  2:02  Queen  
  19  2:05  Overlord  
  21  2:10  Drone  
  22  2:30  Roach Warren, Drone x4  
  22  2:33  Queen  
  27  2:43  Drone x2  
  29  2:53  Metabolic Boost  
  28  3:15  Drone x2  
  28  3:16  Drone x2  
  28  3:17  Overlord x3  
  32  3:31  Drone  
  32  3:33  Overlord  
  33  3:36  Drone x2  
  35  3:41  Lair  
  34  3:57  Extractor  
  34  4:02  Drone  
  34  4:03  Drone x3  
  34  4:04  Drone  
  34  4:07  Zergling x4  
  40  4:16  Queen  
  42  4:25  Drone x2  
  44  4:45  Hatchery  
  44  4:46  Evolution Chamber  
  44  4:47  Evolution Chamber  
  41  5:11  Hydralisk Den, Drone  
  41  5:12  Drone x2  
  43  5:21  Roach  
  43  5:22  Roach x2  
  43  5:23  Roach x6  
  61  5:38  Extractor x2  
  59  6:02  Hydralisk x2  
  63  6:07  Zergling x18  
  71  6:37  Zerg Missile Weapons Level 1  
  71  6:50  Hydralisk  
  71  6:53  Overlord x2  
  71  6:54  Overlord x6  
  50  7:50  Hydralisk x6  
  37  8:27  Drone x4  
  37  8:28  Drone x8  
  49  8:48  Queen  
  51  9:00  Drone x5  
  51  9:01  Drone x3  
  59  9:13  Drone x5  
  64  9:30  Drone x8  
  72  9:58  Drone x3  
  75  10:01  Drone x4  
  75  10:06  Hydralisk x5  
  89  10:14  Muscular Augments  
  89  10:17  Drone x7  
  96  10:33  Roach x2  
  96  10:34  Roach x6  
  112  10:53  Extractor  
  112  10:54  Extractor  
  110  11:00  Drone x2  
  110  11:01  Drone  
  113  11:15  Drone x2  
  113  11:16  Hatchery, Drone x2  
  113  11:17  Drone x2  
  118  11:30  Hydralisk  
  118  11:31  Hydralisk x5  
  95  11:50  Roach x6  
Tags
 
League
GoldGold
Matchup
PvZ
Opening
Pool First
Spawn Locations
Cross Positions
Add a new tag
Caveats
  • Supply blocks, unpowered buildings, or Contaminate may cause inaccurate times.
  • Supply counts are checked every 10 seconds.